 Dungeon Crawl Stone Soup version 0.22-a0-612-gd2f0174 (webtiles) character file.

63 Gildeon the Charmwright (level 3, -2/29 HPs)
             Began as a Demigod Skald on July 11, 2018.
             Slain by Robin
             ... wielding a +0 trident
              (6 damage)
             ... on level 2 of the Dungeon.
             The game lasted 00:09:43 (1834 turns).

Gildeon the Charmwright (Demigod Skald)             Turns: 1834, Time: 00:09:43

Health: -2/29      AC:  6    Str: 16    XL:     3   Next: 61%
Magic:  3/9        EV: 12    Int: 17    God:
Gold:   122        SH:  0    Dex: 15    Spells: 2/7 levels left

rFire    . . .     SeeInvis .   a - +0 falchion
rCold    . . .     Gourm    .   (no shield)
rNeg     . . .     Faith    .   b - +0 leather armour
rPois    .         Spirit   .   (no helmet)
rElec    .         Reflect  .   (no cloak)
rCorr    .         Harm     .   (no gloves)
MR       .....     Rnd*Tele +   l - +2 pair of boots
Stlth    +.........             (no amulet)
HPRegen  0.09/turn              h - ring of teleportation (curse)
MPRegen  0.11/turn              (no ring)

@: no status effects
A: high mp 1
a: no special abilities


You were on level 2 of the Dungeon.
You were not hungry.

You visited 1 branch of the dungeon, and saw 2 of its levels.

You collected 122 gold pieces.

Inventory:

Hand Weapons
 a - a +0 falchion (weapon)
Missiles
 j - 2 throwing nets (quivered)
Armour
 b - a +0 leather armour (worn)
 l - a +2 pair of boots (worn)
Jewellery
 h - a cursed ring of teleportation (left hand)
Scrolls
 f - 3 scrolls of identify {unknown}
 i - a scroll of magic mapping {unknown}
 k - a scroll of teleportation {unknown}
Potions
 c - a potion of cancellation {unknown}
 e - 2 potions of flight {unknown}
 m - a potion of curing {unknown}
Comestibles
 d - a ration
 g - 3 chunks of flesh


   Skills:
 - Level 1.7 Fighting
 + Level 2.6 Long Blades
 - Level 0.8 Armour
 - Level 1.7 Dodging
 + Level 2.5 Spellcasting
 + Level 3.3 Charms


You had 2 spell levels left.
You knew the following spells:

 Your Spells              Type           Power        Failure   Level  Hunger
a - Infusion              Chrm           ##..         6%          1    #......
b - Song of Slaying       Chrm           ##......     9%          2    ##.....
c - Shroud of Golubria    Chrm/Tloc      #.........   17%         2    ##.....

Your spell library contained the following spells:

 Spells                   Type           Power        Failure   Level  Hunger
 Regeneration             Chrm/Necr      #.........   34%         3    ###....
 Spectral Weapon          Hex/Chrm       #.......     34%         3    ###....


Dungeon Overview and Level Annotations

Branches:
Dungeon (2/15)

Annotations:
D:2 Robin, Terence


Innate Abilities, Weirdness & Mutations

You have an increased reservoir of magic. (+10% MP)


Message History

The hobgoblin completely misses you. Robin barely misses you.
You riposte.
You hit Robin but do no damage. You hit Robin.
Robin is moderately wounded.
The hobgoblin hits you. Robin hits you with a trident!
The hobgoblin misses you.
You hit Robin.
Robin is severely wounded.
Robin closely misses you.
You riposte.
You barely miss Robin.
Robin is severely wounded.
The hobgoblin barely misses you.
You closely miss Robin.
Robin is severely wounded.
Robin hits you with a trident.
* * * LOW HITPOINT WARNING * * *
The hobgoblin closely misses you.
You hit Robin.
Robin is severely wounded.
Robin hits you with a trident.
You die...

#.# #.# # ####.#####
#.>.....## #.##.##.## ##
#.##...... ##...#####
######.#####.##
......glg###......#####.##
.#....##g@.)...##.......##
##g# #####...##.######## #
######.# ##.#####
##.#....# ##.###...# #.##
##..#### ..##.###...##..
@....#.<......


You could see Robin, a hobgoblin, a goblin and a frilled lizard.

Vanquished Creatures
  A leopard gecko (D:2)
  A ball python (D:2)
  2 giant cockroaches (D:2)
  8 goblins
  16 hobgoblins
  4 jackals (D:2)
  A quokka (D:2)
  5 bats
  3 frilled lizards
  5 kobolds
  6 rats
52 creatures vanquished.

Notes
Turn   | Place    | Note
-------+----------+-------------------------------------------
     0 | D:1      | Gildeon the Demigod Skald began the quest for the Orb.
     0 | D:1      | Reached XP level 1. HP: 17/17 MP: 5/5
   332 | D:1      | Reached XP level 2. HP: 24/24 MP: 7/7
   338 | D:1      | Learned a level 2 spell: Song of Slaying
   341 | D:1      | Learned a level 2 spell: Shroud of Golubria
   475 | D:1      | Reached skill level 3 in Charms
   930 | D:2      | Noticed Terence
  1037 | D:2      | Reached XP level 3. HP: 29/29 MP: 7/9
  1484 | D:2      | Found a bloodstained altar of Trog.
  1808 | D:2      | Noticed Robin
  1834 | D:2      | Slain by Robin

Vault maps used:
D:1:      minmay_arrival_shattered_statue
D:2:      nrook_mini_vaults, solitary_fountain, trog_hazing_becter, uniq_robin,
          uniq_terence, uniq_crazy_yiuf_cottage

Skill      XL: |  1  2 |
---------------+-------+-----
Long Blades    | 2 |  2.6
Spellcasting   | 2 |  2.5
Charms         | 3 |  3.3
Fighting       | |  1.7
Armour         | |  0.8
Dodging        | |  1.7

Action                   || total
-------------------------++-------
Melee: Falchion          ||   129
 Cast: Infusion          ||     8
  Use: Scroll            ||     1
 Stab: Sleeping          ||     3
  Eat: Chunk             ||     2
       Ration            ||     1
Armor: Leather armour    ||    46
Dodge: Dodged            ||   139
       Rpst.: Falchion   ||    44

Table legend:
 A = Spawn XP
 B = Non-spawn XP
 C = Spawn XP percentage of total XP
 D = Spawn monster count
 E = Non-spawn monster count
 F = Spawn count percentage of total count
 G = Total turns spent on level
                    A         B        C        D         E        F      G
               +---------+---------+-------+---------+---------+-------+---------
         Total |       0 |      90 |   0.0 |       0 |      52 |   0.0 |  1834
               +---------+---------+-------+---------+---------+-------+---------
           D:1 |       0 |      28 |   0.0 |       0 |      17 |   0.0 |   830
           D:2 |       0 |      62 |   0.0 |       0 |      35 |   0.0 |  1004
               +---------+---------+-------+---------+---------+-------+---------
